 Dungeon Crawl Stone Soup version 0.17.0-25-gefc9c12 (webtiles) character file.

243338 MDvedh the Timeless (level 19, -3/168 HPs)
             Began as a Ghoul Skald on Nov 18, 2015.
             Was a High Priest of Cheibriados.
             Shot with a bolt by a yaktaur captain (10 damage)
             ... on level 1 of the Vaults.
             The game lasted 01:41:54 (30127 turns).

MDvedh the Timeless (Ghoul Skald)                  Turns: 30127, Time: 01:41:55

Health: -3/168     AC: 21    Str: 34    XL:     19   Next: 41%
Magic:  20/30      EV: 26    Int: 23    God:    Cheibriados [*****.]
Gold:   2563       SH: 16    Dex: 28    Spells: 4 memorised, 7 levels left

rFire  + . .     SeeInvis .       - Unarmed
rCold  + . .     Clarity  .     S - +0 plate armour {rF+}
rNeg   + + +     SustAt   .     j - +2 shield
rPois  ∞         Gourm    .     O - +2 hat {MR+}
rElec  .         Spirit   .     Y - +1 cloak of the Lonely Songs {Int+3 Dex+4}
rCorr  +         Warding  .     (no gloves)
rMut   .         Stasis   .     A - +0 pair of boots
MR     ++...                    F - amulet of resist corrosion
Stlth  ..........               P - +2 ring of slaying
                                q - +6 ring of evasion

@: marked, rotting, very slow, very resistant to hostile enchantments, extremely
unstealthy
A: rotting body, claws 1, carnivore 3, cold resistance 1, negative energy
resistance 3, slow regeneration 1, torment resistance, unbreathing
a: Bend Time, Temporal Distortion, Slouch, Step From Time, Renounce Religion
}: 2/15 runes: serpentine, barnacled


You were on level 1 of the Vaults.
You worshipped Cheibriados.
Cheibriados was extremely pleased with you.
You were not hungry.

You visited 7 branches of the dungeon, and saw 37 of its levels.
You visited 1 bazaar.
You also visited: Ice Cave.

You collected 3357 gold pieces.
You spent 794 gold pieces at shops.

Inventory:

Missiles
 o - 15 throwing nets (quivered)
Armour
 j - a +2 shield (worn)
 m - the +1 ice dragon armour of Charity {rF- rC++ Regen+}
   (You found it on level 1 of the Snake Pit)

   It makes you vulnerable to fire.
   It greatly protects you from cold.
   It increases your rate of regeneration.
 A - a +0 pair of boots (worn)
 E - the +4 moon troll leather armour {Spirit, Regen++ MP+5}
   (You acquired it on level 7 of the Lair of Beasts)

   It affects your magic capacity (+5).
   It increases your rate of regeneration.
 O - a +2 hat of magic resistance (worn)
 S - a +0 plate armour of fire resistance (worn)
 Y - the +1 cloak of the Lonely Songs (worn) {Int+3 Dex+4}
   (You acquired it on level 14 of the Dungeon)

   It affects your intelligence (+3).
   It affects your dexterity (+4).
Rods
 x - a +0 rod of clouds (11/11)
   (You took it off a crimson imp on level 13 of the Dungeon)
 Q - a +2 rod of destruction (14/14)
   (You found it on level 8 of the Lair of Beasts)
Jewellery
 b - a +4 ring of evasion
 i - an uncursed ring of flight
 q - a +6 ring of evasion (left claw)
 v - an uncursed ring of teleportation
 F - an amulet of resist corrosion (around neck)
 P - a +2 ring of slaying (right claw)
 T - an uncursed amulet of faith
 V - an uncursed ring of protection from cold
Wands
 a - a wand of digging (8)
 s - a wand of fireball (6)
 K - a wand of disintegration (8)
 N - a wand of slowing (30)
Scrolls
 d - 2 scrolls of identify
 n - 8 scrolls of teleportation
 p - 9 scrolls of remove curse
 t - 2 scrolls of enchant armour
 y - 3 scrolls of fog
 z - 3 scrolls of fear
 B - 8 scrolls of recharging
 C - 3 scrolls of blinking
 I - 5 scrolls of enchant weapon
 L - 3 scrolls of torment
 R - 3 scrolls of amnesia
Potions
 e - 4 potions of brilliance
 f - 3 potions of resistance
 g - 2 potions of might
 l - 2 potions of ambrosia
 r - 6 potions of curing
 u - 2 potions of magic
 w - 2 potions of invisibility
 G - 4 potions of agility
 J - 2 potions of flight
Comestibles
 c - 12 meat rations
 h - 13 slices of pizza
 k - 3 royal jellies
 D - 7 beef jerkies


   Skills:
 + Level 14.3 Fighting
 + Level 12.1 Armour
 + Level 12.6 Dodging
 * Level 9.2 Shields
 + Level 17.1 Unarmed Combat
 - Level 1.7 Spellcasting
 - Level 2.6 Charms
 * Level 6.7 Translocations
 + Level 17.3 Invocations


You had 7 spell levels left.
You knew the following spells:

 Your Spells              Type           Power        Failure   Level  Hunger
a - Infusion              Chrm           ##....       52%         1    #......
b - Regeneration          Chrm/Necr      #.........   100%        3    ###....
c - Controlled Blink      Tloc           N/A          100%        8    #######
d - Shroud of Golubria    Chrm/Tloc      ###.......   34%         2    ##.....


Dungeon Overview and Level Annotations

Branches:
Dungeon (15/15)            Temple (1/1) D:7            Lair (8/8) D:9
 Shoals (4/4) Lair:5        Snake (4/4) Lair:3        Slime (0/6) Lair:7
    Orc (4/4) D:12            Elf (0/3) Orc:3        Vaults (1/5) D:14
 Depths (0/5) D:15

Altars:
Ashenzari
Cheibriados
Dithmenos
Elyvilon
Fedhas
Gozag
Kikubaaqudgha
Makhleb
Nemelex Xobeh
Okawaru
Qazlal
Ru
Sif Muna
Trog
Vehumet
Xom
Yredelemnul
Zin
The Shining One
Beogh
Jiyva

Shops:
D:5 *   Orc:4 %:(*   Shoals:4 %

Annotations:
Lair:8 Rupert
Snake:2 Azrael


Innate Abilities, Weirdness & Mutations

Your body is rotting away.
You thrive on raw meat.
You are immune to poison.
You have sharp fingernails.
You are carnivorous and can eat meat at any time.
Your flesh is cold resistant.
You are immune to negative energy.
You regenerate slowly when monsters are visible.
You are immune to unholy pain and torment.
You can survive without breathing.


Message History

The yaktaur captain wields an arbalest.
The yaktaur captain shoots a bolt.
The bolt hits you!!!
* * * LOW HITPOINT WARNING * * *
The yaktaur completely misses you.
The yaktaur wields an arbalest.
The yaktaur shoots a bolt.
The bolt completely misses you.
Found a bolt.
Drink which item? (? for menu, Esc to quit)
You feel much better. The yaktaur misses you.
The yaktaur captain shoots a bolt.
The bolt hits you!!
* * * LOW HITPOINT WARNING * * *
Unknown command.
Drink which item? (? for menu, Esc to quit)
Okay, then.
You step out of the flow of time.
You return to the normal time flow.
You feel quite a bit more hungry.
Cheibriados reduces the support of your attributes as your movement quickens.
The yaktaur wields an arbalest.
The yaktaur shoots a bolt of flame.
You block the bolt of flame.
The yaktaur shoots a bolt.
You block the bolt.
The yaktaur captain shoots a bolt.
The bolt hits you!
You die...

......###
........##.c.....#
###.....##.c.....#
# ##....##.......+
#....##.c.....#
#######'##.......#
.........#.......#
.........#.......#
.........+......@#
.........+.......#
.........#########
####.....# #.....#
#.....# #.....#


You could see a yaktaur captain and 2 yaktaurs.

Vanquished Creatures
  A kraken (Shoals:4)
  Gastronok (Lair:3)
  The ghost of Gorice the Tortoise, an adept DsWn of Okawaru (Snake:3)
  The ghost of braks the Black Belt, an adept DsMo of Ru (Shoals:4)
  Ilsuiw (Shoals:4)
  7 greater nagas
  A frost giant (IceCv)
  Maud (Lair:8)
  3 vault wardens (Vaults:1)
  2 ironheart preservers (Vaults:1)
  The ghost of nht the Severer, a journeyman MiHu of Trog (IceCv)
  A dire elephant (D:15)
  4 merfolk javelineers (Shoals:4)
  Snorg (Orc:1)
  7 merfolk impalers
  Josephine (D:14)
  2 vault guards
  Fannar (D:10)
  4 catoblepae
  4 merfolk avatars
  9 anacondas
  6 naga warriors
  2 centaur warriors (D:15)
  A rakshasa (D:14)
  6 merfolk aquamancers (Shoals:4)
  Erica (Orc:1)
  6 hydras
  2 satyrs
  25 death yaks
  2 tengu warriors
  A queen ant (Lair:7)
  12 naga sharpshooters
  6 shock serpents
  Urug (D:12)
  3 orc high priests (Orc:4)
  Sonja (Lair:4)
  Nergalle (D:11)
  A fire crab (Lair:7)
  An unseen horror (D:14)
  4 wizards (D:14)
  3 salamander mystics (Snake:4)
  4 hill giants
  12 sea snakes
  7 naga ritualists
  3 ironbrand convokers (Vaults:1)
  A wolf spider (D:15)
  8 harpies
  8 ugly things
  A deep elf conjurer (D:15)
  3 orc sorcerers (Orc:4)
  4 orc knights (Orc:4)
  A water nymph (Shoals:4)
  20 mana vipers
  3 fauns (Shoals:4)
  9 elephants
  4 griffons
  9 salamanders
  6 guardian serpents (Snake:4)
  42 black mambas
  4 sirens
  5 cyclopes
  Maurice (Orc:1)
  A gargoyle (D:10)
  14 naga magi
  10 manticores
  Joseph (D:8)
  14 spiny frogs
  An ice statue (IceCv)
  2 vault sentinels (Vaults:1)
  5 centaur skeletons
  A torpor snail (Lair:5)
  6 komodo dragons
  3 kobold demonologists
  2 yaktaurs
  A fire drake (shapeshifter) (D:15)
  A deep elf priest (D:15)
  3 fire drakes
  A tengu conjurer (D:15)
  24 merfolk
  3 trolls
  2 freezing wraiths
  The ghost of ConnectionFaild the Prestidigitator, a novice SpAr (D:6)
  Grinder (D:6)
  14 polar bears
  2 wind drakes (Shoals:4)
  3 two-headed ogres
  A blink frog (shapeshifter) (D:14)
  A hornet zombie (D:15)
  5 deep elf magi
  10 blink frogs
  A boulder beetle (Lair:8)
  5 slime creatures (Vaults:1)
  5 snapping turtles (Shoals:4)
  88 yaks
  5 wraiths (D:14)
  3 water elementals
  3 deep elf fighters
  A golden eye (shapeshifter) (D:13)
  A steam dragon (Lair:6)
  5 basilisks
  2 wyverns
  6 hungry ghosts
  21 humans
  14 soldier ants
  3 wargs
  Edmund (D:6)
  16 hippogriffs
  2 mottled dragons (Lair:6)
  22 wolves
  10 vampire mosquitoes
  45 nagas
  2 hell hounds (Snake:3)
  Duvessa (D:6)
  17 water moccasins
  14 porcupines
  26 orc warriors
  9 sky beasts
  3 black bears
  3 ice beasts
  5 phantoms
  2 eyes of draining (D:13)
  9 ogres
  A wasp (D:14)
  15 crocodiles
  11 centaurs
  A brain worm (D:15)
  22 giant frogs
  A wyvern zombie (D:7)
  2 big kobolds
  Dowan (D:6)
  4 scorpions
  A water moccasin skeleton (D:6)
  11 killer bees
  12 wights
  5 crimson imps
  4 quasits
  27 orc priests
  7 jellies
  3 iron imps (D:4)
  5 giant frog skeletons
  5 hounds
  Ijyb (D:2)
  4 hell rats
  26 orc wizards
  10 iguanas
  37 worker ants
  25 sheep
  2 hound skeletons
  10 gnolls
  19 adders
  A worker ant zombie (D:7)
  8 shadow imps
  72 river rats
  12 white imps (Orc:1)
  An ooze (D:7)
  An adder skeleton (D:5)
  An adder zombie (D:6)
  A worm (D:4)
  6 giant geckos
  178 orcs
  A ball python (D:2)
  4 goblins
  11 hobgoblins
  12 jackals
  16 kobolds
  12 quokkas
  2 bats (D:2)
  5 giant cockroaches
  3 giant newts
  A quokka skeleton (D:5)
  2 quokka zombies
  32 rats
  4 tentacles (Shoals:4)
1435 creatures vanquished.

Vanquished Creatures (others)
  2 polar bears (IceCv)
  3 yaks (IceCv)
  5 wolves (IceCv)
  A naga (Snake:4)
  4 bushes (Lair:8)
  21 fungi
  6 plants
  5 tentacles (Shoals:4)
  617 tentacle segments (Shoals:4)
664 creatures vanquished.

Grand Total: 2099 creatures vanquished

Notes
Turn   | Place    | Note
--------------------------------------------------------------
     0 | D:1      | MDvedh the Ghoul Skald began the quest for the Orb.
     0 | D:1      | Reached XP level 1. HP: 17/17 MP: 2/2
    38 | D:1      | You fall through a shaft!
    41 | D:2      | Reached XP level 2. HP: 9/24 MP: 3/3
   330 | D:2      | Reached skill level 3 in Unarmed Combat
   583 | D:2      | Reached XP level 3. HP: 24/29 MP: 4/4
   832 | D:2      | Noticed Ijyb
   870 | D:2      | Killed Ijyb
   870 | D:2      | Reached skill level 4 in Unarmed Combat
   870 | D:2      | Reached XP level 4. HP: 5/35 MP: 5/5
  1337 | D:3      | Reached skill level 5 in Unarmed Combat
  1388 | D:3      | Reached XP level 5. HP: 26/41 MP: 3/6
  1705 | D:3      | Reached skill level 6 in Unarmed Combat
  1888 | D:3      | Found a basalt altar of Yredelemnul.
  2209 | D:3      | Reached XP level 6. HP: 29/48 MP: 7/7
  2589 | D:4      | Reached skill level 7 in Unarmed Combat
  3002 | D:3      | Reached skill level 8 in Unarmed Combat
  3002 | D:3      | Reached XP level 7. HP: 37/55 MP: 8/8
  3252 | D:4      | Found a burning altar of Makhleb.
  3311 | D:4      | Reached skill level 9 in Unarmed Combat
  3452 | D:5      | Entered Level 5 of the Dungeon
  3671 | D:5      | Reached XP level 8. HP: 57/61 MP: 9/9
  3817 | D:5      | Reached skill level 10 in Unarmed Combat
  3837 | D:5      | Found Culoovos's Assorted Antiques.
  3842 | D:5      | Bought a lumpy silvery potion for 28 gold pieces
  3842 | D:5      | Bought a scroll labeled GIEKHO MURRYX for 32 gold pieces
  3859 | D:5      | Reached skill level 1 in Dodging
  4055 | D:6      | Reached skill level 1 in Armour
  4114 | D:6      | Noticed Dowan
  4117 | D:6      | Noticed Duvessa
  4158 | D:6      | Killed Duvessa
  4168 | D:6      | Killed Dowan
  4198 | D:6      | Noticed Grinder
  4212 | D:6      | Paralysed by Grinder for 5 turns
  4225 | D:6      | Killed Grinder
  4454 | D:6      | Got a warped leather armour
  4477 | D:6      | Identified the cursed +1 leather armour of Spite {rPois Slay+3} (You found it on level 6 of the Dungeon)
  4510 | D:6      | Reached XP level 9. HP: 65/71 MP: 10/10
  4557 | D:6      | Noticed a six-headed hydra
  4647 | D:6      | Noticed ConnectionFaild's ghost (novice SpAr)
  4666 | D:6      | Killed ConnectionFaild's ghost
  4890 | D:6      | Noticed Edmund
  4899 | D:6      | Killed Edmund
  4899 | D:6      | Reached skill level 11 in Unarmed Combat
  4906 | D:6      | Found a stormy altar of Qazlal.
  5098 | D:7      | Reached skill level 5 in Fighting
  5110 | D:7      | Identified a scroll of acquirement
  5198 | D:7      | Found a staircase to the Ecumenical Temple.
  5204 | Temple   | Entered the Ecumenical Temple
  5253 | Temple   | Became a worshipper of Cheibriados the Contemplative
  5379 | D:7      | Reached skill level 1 in Shields
  5433 | D:7      | Found a glowing golden altar of the Shining One.
  5444 | D:7      | Found a white marble altar of Elyvilon.
  5471 | D:7      | Found a shattered altar of Ashenzari.
  5500 | D:7      | Found a radiant altar of Vehumet.
  5707 | D:8      | Noticed Joseph
  5719 | D:8      | Killed Joseph
  5739 | D:8      | Found a glowing golden altar of the Shining One.
  5755 | D:8      | Reached XP level 10. HP: 81/81 MP: 11/11
  5763 | D:8      | Noticed a hill giant
  5779 | D:8      | Killed a hill giant
  5779 | D:8      | Reached skill level 5 in Shields
  5784 | D:8      | Reached * piety under Cheibriados
  5952 | D:8      | Reached skill level 12 in Unarmed Combat
  6138 | D:8      | Reached ** piety under Cheibriados
  6401 | D:8      | Reached skill level 1 in Invocations
  6415 | D:8      | Reached *** piety under Cheibriados
  6863 | D:9      | Found a staircase to the Lair.
  6883 | D:9      | HP: 4/82 [hell rat (13)]
  7067 | D:9      | Noticed a manticore
  7080 | D:9      | Killed a manticore
  7423 | D:9      | Reached XP level 11. HP: 79/89 MP: 11/13
  7426 | D:9      | Reached **** piety under Cheibriados
  7578 | D:9      | Reached skill level 5 in Invocations
  7584 | D:9      | Reached skill level 5 in Dodging
  7735 | D:9      | Reached skill level 5 in Armour
  7980 | D:10     | Entered Level 10 of the Dungeon
  8009 | Lair:1   | Entered Level 1 of the Lair of Beasts
  8184 | Lair:1   | Reached ***** piety under Cheibriados
  9062 | D:5      | Bought a steaming ring mail for 288 gold pieces
  9072 | D:5      | Identified the +4 ring mail "Oveowe" {rC+ Str-5 Dex+4} (You bought it in a shop on level 5 of the Dungeon)
  9786 | Lair:2   | Reached skill level 13 in Unarmed Combat
  9982 | Lair:3   | Noticed a five-headed hydra
  9989 | Lair:2   | Reached XP level 12. HP: 96/98 MP: 16/16
 10021 | Lair:3   | Noticed an eight-headed hydra
 10029 | Lair:3   | Killed an eight-headed hydra
 10040 | Lair:3   | Found a staircase to the Snake Pit.
 10244 | Lair:3   | Killed a five-headed hydra
 10287 | Lair:3   | Noticed Gastronok
 10334 | Lair:3   | Killed Gastronok
 10433 | Lair:3   | Noticed a six-headed hydra
 10447 | Lair:3   | Killed a six-headed hydra
 10519 | Lair:3   | Reached ****** piety under Cheibriados
 10960 | Lair:4   | Noticed Sonja
 10963 | Lair:4   | Killed Sonja
 10997 | Lair:4   | Noticed a seven-headed hydra
 11005 | Lair:4   | Noticed a catoblepas
 11008 | Lair:4   | Killed a seven-headed hydra
 11018 | Lair:4   | Killed a catoblepas
 11334 | Lair:4   | Learned a level 3 spell: Regeneration
 11415 | Lair:4   | Reached XP level 13. HP: 75/110 MP: 19/19
 11434 | Lair:4   | Reached skill level 10 in Invocations
 11939 | Lair:5   | Found a staircase to the Shoals.
 13814 | Lair:7   | Reached skill level 14 in Unarmed Combat
 14219 | Lair:7   | Reached skill level 10 in Fighting
 14219 | Lair:7   | Reached XP level 14. HP: 121/121 MP: 21/21
 14496 | Lair:7   | Found a viscous altar of Jiyva.
 14497 | Lair:7   | Found a staircase to the Slime Pits.
 14889 | Lair:8   | Entered Level 8 of the Lair of Beasts
 15277 | Lair:8   | Noticed Rupert
 15525 | Lair:8   | Noticed Maud
 15539 | Lair:8   | Killed Maud
 15865 | Lair:8   | Reached XP level 15. HP: 125/129 MP: 24/24
 16208 | Lair:8   | Identified a +2 rod of destruction (14/14) (You found it on level 8 of the Lair of Beasts)
 16965 | D:10     | Noticed a hill giant
 16970 | D:10     | Killed a hill giant
 17312 | D:10     | Noticed Fannar
 17329 | D:10     | Killed Fannar
 17329 | D:10     | Reached skill level 15 in Unarmed Combat
 17488 | D:11     | Noticed Nergalle
 17498 | D:11     | Killed Nergalle
 17920 | D:12     | Got a translucent chain mail
 17931 | D:12     | Identified the +0 chain mail "Okkiynk" {Int+3} (You found it on level 12 of the Dungeon)
 17961 | D:12     | Noticed Urug
 17970 | D:12     | Killed Urug
 18143 | D:12     | Found a staircase to the Orcish Mines.
 18166 | D:12     | Reached skill level 10 in Dodging
 18478 | Orc:1    | Entered Level 1 of the Orcish Mines
 18484 | Orc:1    | Noticed Snorg
 18497 | Orc:1    | Killed Snorg
 18547 | Orc:1    | Noticed Maurice
 18589 | Orc:1    | Killed Maurice
 18682 | Orc:1    | Noticed Erica
 18694 | Orc:1    | Killed Erica
 18835 | Orc:1    | Found a flagged portal.
 18898 | Orc:1    | Found a frozen archway.
 18921 | IceCv    | Entered an ice cave
 19265 | IceCv    | Noticed nht's ghost (journeyman MiHu)
 19311 | IceCv    | Killed nht's ghost
 19424 | IceCv    | Noticed a frost giant
 19436 | IceCv    | Killed a frost giant
 20089 | Orc:3    | Found a staircase to the Elven Halls.
 20166 | Orc:3    | Found a roughly hewn altar of Beogh.
 20581 | Orc:4    | Entered Level 4 of the Orcish Mines
 20842 | Orc:4    | Reached skill level 10 in Armour
 20850 | Orc:4    | Reached XP level 16. HP: 139/139 MP: 26/26
 21057 | Orc:4    | Found Ynaur's Weapon Shop.
 21057 | Orc:4    | Found Bainabox's Assorted Antiques.
 21067 | Orc:4    | Found Ihywoi's Food Shop.
 21067 | Orc:4    | Found Beawas Oseb's Book Shoppe.
 21080 | Orc:4    | Bought a scroll labeled HAHUAH EGGEGEI for 33 gold pieces
 21498 | D:13     | Reached skill level 15 in Invocations
 21955 | D:14     | Noticed Josephine
 21971 | D:14     | Killed Josephine
 22184 | D:14     | Got an ancient cloak
 22195 | D:14     | Identified the +1 cloak of the Lonely Songs {Int+3 Dex+4} (You acquired it on level 14 of the Dungeon)
 22243 | D:14     | Found a gate to the Vaults.
 23063 | D:15     | Entered Level 15 of the Dungeon
 23489 | D:15     | Found a staircase to the Depths.
 24193 | Snake:1  | Entered Level 1 of the Snake Pit
 24588 | Snake:1  | Reached XP level 17. HP: 139/148 MP: 27/27
 24666 | Snake:1  | Reached skill level 16 in Unarmed Combat
 24675 | Snake:1  | Got a warped ice dragon armour
 24690 | Snake:1  | Identified the +1 ice dragon armour of Charity {rF- rC++ Regen+} (You found it on level 1 of the Snake Pit)
 25192 | Snake:2  | Found a flickering gateway to a bazaar.
 25205 | Bazaar   | Entered a bazaar
 25205 | Bazaar   | Found Jukhlokh's Magic Scroll Emporium.
 25205 | Bazaar   | Found Fueph's General Store.
 25205 | Bazaar   | Found Reate's General Store.
 25205 | Bazaar   | Found Xomugy's Antique Weapon Emporium.
 25223 | Bazaar   | Bought a potion of heal wounds for 85 gold pieces
 25223 | Bazaar   | Bought a potion of might for 68 gold pieces
 25225 | Bazaar   | Bought a scroll of identify for 24 gold pieces
 25225 | Bazaar   | Bought 2 scrolls of identify for 48 gold pieces
 25225 | Bazaar   | Bought a scroll of torment for 90 gold pieces
 25225 | Bazaar   | Bought a scroll of fear for 42 gold pieces
 25229 | Bazaar   | Bought a scroll of teleportation for 21 gold pieces
 25229 | Bazaar   | Bought a scroll of teleportation for 21 gold pieces
 25229 | Bazaar   | Bought a scroll of identify for 14 gold pieces
 25266 | Snake:2  | Got a bloodstained chain mail
 25268 | Snake:2  | Identified the +4 chain mail of Autumn {rN++ Int+7 SInv} (You found it on level 2 of the Snake Pit)
 25619 | Snake:3  | Noticed Gorice's ghost (adept DsWn)
 25631 | Snake:3  | Killed Gorice's ghost
 26083 | Snake:4  | Entered Level 4 of the Snake Pit
 26098 | Snake:4  | Learned a level 8 spell: Controlled Blink
 26101 | Snake:4  | Learned a level 2 spell: Shroud of Golubria
 26336 | Snake:4  | Reached skill level 1 in Translocations
 26653 | Snake:4  | Reached XP level 18. HP: 94/156 MP: 22/29
 27164 | Snake:4  | Got a serpentine rune of Zot
 27379 | Snake:2  | Noticed Azrael
 27516 | Shoals:1 | Entered Level 1 of the Shoals
 28056 | Shoals:4 | Entered Level 4 of the Shoals
 28079 | Shoals:4 | Noticed Ilsuiw
 28086 | Shoals:4 | Reached skill level 17 in Invocations
 28111 | Shoals:4 | Killed Ilsuiw
 28111 | Shoals:4 | Reached skill level 5 in Translocations
 28216 | Shoals:4 | Found Danutuy's Food Shoppe.
 28441 | Shoals:4 | Got a dazzling plate armour
 28442 | Shoals:4 | Identified the +1 plate armour of the Falcon {+Blink Int+5} (You found it on level 4 of the Shoals)
 28679 | Shoals:4 | Noticed braks's ghost (adept DsMo)
 28699 | Shoals:4 | Killed braks's ghost
 28964 | Shoals:4 | Reached XP level 19. HP: 107/167 MP: 22/30
 29358 | Shoals:4 | Got a barnacled rune of Zot
 29870 | Vaults:1 | Entered Level 1 of the Vaults
 30126 | Vaults:1 | HP: 7/168 [yaktaur captain/bolt (21)]
 30127 | Vaults:1 | Shot with a bolt by a yaktaur captain

Action                   |  1- 3 |  4- 6 |  7- 9 | 10-12 | 13-15 | 16-18 | 19-21 || total
-------------------------+-------+-------+-------+-------+-------+-------+-------++-------
Melee: Unarmed           |    87 |   226 |   414 |   803 |  1713 |  1811 |   272 ||  5326
 Cast: Infusion          |     1 |     3 |       |       |     1 |     1 |       ||     6
Invok: Slouch            |       |       |       |     1 |     3 |    18 |       ||    22
       Temporal Distorti |       |       |       |       |       |     7 |       ||     7
       Step From Time    |       |       |       |       |       |       |     1 ||     1
Evoke: Wand              |       |       |       |     2 |     1 |     2 |       ||     5
  Use: Scroll            |     1 |     6 |     9 |     6 |    14 |    13 |     2 ||    51
       Potion            |     1 |       |       |     1 |     5 |     4 |     5 ||    16
 Stab: Distracted        |       |       |       |     1 |     1 |     3 |       ||     5
       Sleeping          |       |       |       |       |     4 |     1 |       ||     5
       Petrifying        |       |       |       |       |     2 |       |       ||     2
       Petrified         |       |       |       |       |     2 |       |       ||     2
  Eat: Chunk             |     5 |    23 |    29 |    50 |    89 |   102 |    25 ||   323
